AoeStats
← thinker

Nomad

504582876Analyzed
3v3 RM · 26d ago on Sep 5, 2026· 55m 15s· 6 players
Game mode
Random Map
Map size
210×210
Population
200
Speed
Normal
Resources
Standard
Victory
Conquest
Starting age
Dark Age
Ending age
Imperial Age
RankedLock teamsTeams togetherTeam positionsShared explorationLock speedFull tech treeHidden civsTurbo modeCheats
Victory
Defeat
🇨🇳 Bulgarians · China
904
+13
🇦🇺 Britons · Australia
886
+13
🇺🇸 Goths · United States
858
+14
🇦🇷 Berbers · Argentina
833
-27
🇦🇷 Huns · Argentina
827
-24
🇦🇷 Celts · Argentina
827
-17
Taytay1
13:30 Feudal Age
14:59 Man-at-Arms
17:23 Horse Collar
27:32 Castle Age
26:41 Padded Archer Armor
26:52 Fletching
Pukinskis
5:21 Loom
16:53 Feudal Age
19:01 Wheelbarrow
18:13 Town Watch
18:28 Double-Bit Axe
24:59 Gold Mining
26:07 Fletching
31:16 Horse Collar
36:14 Castle Age
36:58 Fishing Lines
37:39 Bow Saw
37:35 Heavy Plow
39:43 Gold Shaft Mining
39:04 Stone Mining
41:20 Hand Cart
44:22 Gillnets
44:27 Crossbowman
45:57 Bodkin Arrow
46:04 Padded Archer Armor
50:11 Squires
54:37 Elite Skirmisher
thinker
5:06 Loom
16:54 Feudal Age
18:03 Gold Mining
18:44 Double-Bit Axe
21:20 Castle Age
19:42 Fishing Lines
20:31 Horse Collar
20:46 Stone Mining
23:11 Gillnets
25:53 Wheelbarrow
29:22 Hand Cart
30:17 Bow Saw
31:31 Husbandry
32:32 Scale Barding Armor
32:39 Forging
33:26 Stone Shaft Mining
34:02 Chain Barding Armor
34:21 Iron Casting
35:38 Bloodlines
36:33 Heavy Plow
37:13 Chain Barding Armor
41:23 Imperial Age
39:48 Stirrups
40:53 Scale Mail Armor
42:53 Gold Shaft Mining
42:57 Ballistics
43:42 Chemistry
42:35 Heated Shot
42:42 Murder Holes
43:29 Bagains
44:24 Conscription
44:54 Elite Konnik
54:39 Plate Barding Armor
54:19 Chain Mail Armor
55:05 Blast Furnace
Flaxnax
16:58 Feudal Age
19:43 Man-at-Arms
22:25 Forging
22:17 Gold Mining
22:30 Arson
22:42 Horse Collar
24:53 Scale Mail Armor
28:30 Castle Age
28:57 Long Swordsman
30:46 Loom
33:57 Wheelbarrow
36:52 Squires
37:32 Iron Casting
37:37 Husbandry
38:22 Town Watch
40:42 Double-Bit Axe
41:21 Chain Mail Armor
42:27 Bloodlines
44:55 Scale Barding Armor
48:34 Imperial Age
46:56 Gold Shaft Mining
46:55 Chain Barding Armor
49:11 Cavalier
53:42 Plate Barding Armor
DarkDeath
13:26 Feudal Age
27:55 Double-Bit Axe
30:22 Horse Collar
33:28 Stone Mining
39:38 Castle Age
43:40 Pikeman
46:49 Fletching
criscastro14
3:58 Loom
16:31 Feudal Age
21:34 Castle Age
20:20 Double-Bit Axe
20:20 Horse Collar
22:34 Bow Saw
24:29 Husbandry
25:38 Wheelbarrow
27:04 Hand Cart
33:12 Heavy Plow
40:49 Imperial Age
39:07 Gold Mining
40:38 Scale Barding Armor
40:36 Scale Mail Armor
40:58 Gambesons
40:59 Arson
42:33 Cavalier
45:04 Chain Barding Armor
46:11 Paladin
47:05 Forging
Connection lost

Rejoining the realm…

Still unreachable

The connection could not be restored.

Session expired

The server has moved on; the page needs a fresh start.